 Dungeon Crawl Stone Soup version 0.29.1-4-g47bece8355 (webtiles) character file.

Game seed: 11308207354920397767

0 mester the Vexing (level 1, 0/7 HPs)
             Began as a Felid Enchanter on Dec 1, 2022.
             Slain by a kobold
             ... wielding a +0 short sword
              (5 damage)
             ... on level 1 of the Dungeon.
             The game lasted 00:00:11 (30 turns).

mester the Vexing (Felid Enchanter)                   Turns: 30, Time: 00:00:12

Health: 0/7        AC:  1    Str:  4    XL:     1   Next: 8%
Magic:  4/4        EV: 17    Int: 16    God:
Gold:   0          SH:  0    Dex: 16    Spells: 4/4 levels left
                                        Lives:  0   Deaths: 0

rFire   . . .      SeeInvis +     - Unarmed
rCold   . . .      Faith    .   (shield unavailable)
rNeg    . . .      Spirit   .   (body armour unavailable)
rPois   .          Reflect  .   (helmet unavailable)
rElec   .          Harm     .   (cloak unavailable)
rCorr   .          Rampage  .   (gloves unavailable)
Will    .....                   (boots unavailable)
Stlth   +++.......              (no amulet)
HPRegen 0.02/turn               (no ring)
MPRegen 0.09/turn               (no ring)

@: quick
A: very small, claws 1, fangs 3, see invisible, speed 1, shaggy fur 1, stealthy
paws, no weapons or thrown items, no armour, multi-lived
a: no special abilities


You were on level 1 of the Dungeon.
You visited 1 branch of the dungeon, and saw 1 of its levels.

Inventory:

Potions
 a - 2 potions of invisibility


   Skills:
 + Level 2.6 Dodging
 + Level 4.0 Stealth
 + Level 1.0 Unarmed Combat
 + Level 2.0 Spellcasting
 + Level 4.4 Hexes


You had 4 spell levels left.
You didn't know any spells.
Your spell library contained the following spells:

 Spells                   Type           Power      Damage    Failure   Level
 Confusing Touch          Hex            15%        N/A       10%         3
 Tukima's Dance           Hex            15%        N/A       10%         3
 Ensorcelled Hibernation  Hex/Ice        16%        N/A       13%         2
 Dazzling Flash           Conj/Hex       16%        N/A       26%         3


Dungeon Overview and Level Annotations

Branches:
Dungeon (1/15)

Altars:


Innate Abilities, Weirdness & Mutations

You have sharp claws.
You have razor-sharp teeth.
You have supernaturally acute eyesight. (SInv)
You cover ground quickly. (Speed+)
You are covered in fur. (AC +1)
Your paws help you pounce on unaware monsters.
You are incapable of wielding weapons or throwing items.
You cannot wear armour.
You gain extra lives every three experience levels.


Message History

Welcome, mester the Felid Enchanter.
Below lies the Orb of Zot, rumoured to be powerful enough to resurrect a god...
Press ? for a list of commands and other information.
Found a staircase leading out of the dungeon.
You open the large door.
There is a large open door here.
You open the large door.
There is a large open door here.
You open the large door.
There is a large open door here.
A rat comes into view.
You scratch the rat but do no damage. Your bite misses the rat.
The rat closely misses you.
You completely miss the rat. The rat bites you.
You scratch the rat but do no damage.
The rat twitches its whiskers.
The rat barely misses you.
You scratch the rat.
You kill the rat!
A kobold comes into view. It is wielding a +0 short sword.
The kobold shouts!
You hear an angry hiss.
The kobold throws a stone.
The stone misses you.
A ball python comes into view.
You scratch the kobold.
The kobold is heavily wounded.
The kobold hits you with a +0 short sword.
You barely miss the kobold.
The kobold is heavily wounded.
The kobold closely misses you.
You barely miss the kobold.
The kobold is heavily wounded.
The kobold hits you with a +0 short sword.
Ouch! That really hurt!
You die...

###### P # #...§#
.. #.
#######.≈≈.###
..#.
#...'.'.≈§.'<# ...
#.#.'.§.§§.'.#
#.###.#####.§§.###
##...#.# #.§§.#
#..S@..# ######
#...K...#
..........#
..#.......# #
##.....## #.....#
#....... #.......


You could see a ball python and a kobold.

Vanquished Creatures
  A rat (D:1)
1 creature vanquished.

Notes
Turn   | Place    | Note
-------+----------+-------------------------------------------
     0 | D:1      | mester the Felid Enchanter began the quest for the Orb.
     0 | D:1      | Reached XP level 1. HP: 7/7 MP: 4/4
    30 | D:1      | Slain by a kobold

Illustrated notes

Levels and vault maps discovered:
D:1:      lightli_arrival_lavapool, layout_rooms,
          ebering_ecumenical_altar_petrified

Action                   || total
-------------------------++-------
Melee: Unarmed           ||     7
Dodge: Dodged            ||     4
